[ PARTIDA AOE2 · #494923589 ]
UnrankedWu vs Turks
Equipo del jugador · VICT
Equipo rival · DERR
[ ANÁLISIS DE REPETICIÓN · EXTRAÍDO DE LA PARTIDA GRABADA ]
Feudal
8:52
Castillos
22:06
Imperial
—
| APM promedio | 74.1 |
| APM pico | 126 |
| eAPM promedio | 30.6 |
| Aldeanos / militares | 127 / 74 |
Foco
⚔️ 55.6% · 🌾 44.4%
Unknown (1974) ×72 · Archer ×66 · Militia ×4 · Monk ×2 · Spearman ×2
Feudal
9:16
Castillos
22:16
Imperial
—
| APM promedio | 61.5 |
| APM pico | 111 |
| eAPM promedio | 28.7 |
| Aldeanos / militares | 156 / 122 |
Foco
⚔️ 39.0% · 🌾 61.0%
Archer ×69 · Scout Cavalry ×47 · Skirmisher ×3 · Monk ×2 · Militia ×1
Mapa de la partida
Recursos iniciales + cada clic de construcción. Líneas = muros · curvas = relieve. ◆ oro · ⬟ piedra · ● bayas · ✦ reliquia · ◌ hueco del cierre
Tu base· Abierta — hueco de 7t
Base de Froman· Abierta — hueco de 4t
Terreno inicial suavizado · ◌ = hueco del cierre detectado · pasá el cursor para detalles
Inputs por minuto
— DS_VARVAGOD - - Froman
Build order — DS_VARVAGOD
Primeras 150 de 350 acciones detectadas
| 0:00 | Crear | Villager (Male) |
| 0:00 | Crear | Villager (Male) |
| 0:01 | Construir | House |
| 0:02 | Construir | House |
| 0:22 | Crear | Villager (Male) |
| 0:24 | Crear | Villager (Male) |
| 1:24 | Crear | Villager (Male) |
| 1:24 | Crear | Villager (Male) |
| 1:44 | Crear | Villager (Male) |
| 1:45 | Crear | Villager (Male) |
| 1:48 | Construir | Lumber Camp |
| 2:15 | Crear | Villager (Male) |
| 2:23 | Crear | Villager (Male) |
| 2:23 | Crear | Villager (Male) |
| 2:56 | Crear | Villager (Male) |
| 3:32 | Crear | Villager (Male) |
| 3:52 | Construir | House |
| 4:01 | Crear | Villager (Male) |
| 4:02 | Crear | Villager (Male) |
| 4:02 | Crear | Villager (Male) |
| 4:22 | Construir | House |
| 4:26 | Crear | Villager (Male) |
| 4:26 | Crear | Villager (Male) |
| 5:27 | Construir | Barracks |
| 5:27 | Crear | Villager (Male) |
| 5:27 | Crear | Villager (Male) |
| 5:36 | Crear | Villager (Male) |
| 5:36 | Crear | Villager (Male) |
| 6:09 | Investigar | Loom |
| 6:34 | Investigar | Feudal Age |
| 6:52 | Crear | Militia |
| 6:52 | Crear | Militia |
| 7:09 | Construir | Mining Camp |
| 7:40 | Crear | Militia |
| 7:47 | Crear | Villager (Male) |
| 8:12 | Crear | Villager (Male) |
| 8:22 | Crear | Villager (Male) |
| 8:26 | Construir | Mill |
| 8:44 | Crear | Villager (Male) |
| 8:52 | Edad | Edad Feudal |
| 8:58 | Investigar | Man-at-Arms (upgrade) |
| 9:25 | Construir | Archery Range |
| 9:26 | Construir | House |
| 9:39 | Crear | Villager (Male) |
| 9:43 | Crear | Spearman |
| 10:15 | Crear | Villager (Male) |
| 10:18 | Construir | House |
| 10:30 | Investigar | Double-Bit Axe |
| 10:30 | Investigar | Double-Bit Axe |
| 10:39 | Crear | Archer |
| 10:51 | Crear | Archer |
| 10:57 | Construir | House |
| 11:04 | Construir | Palisade Gate |
| 11:06 | Crear | Villager (Male) |
| 11:07 | Crear | Villager (Male) |
| 11:08 | Construir | Farm |
| 11:41 | Crear | Villager (Male) |
| 12:07 | Crear | Villager (Male) |
| 12:07 | Crear | Archer |
| 12:16 | Construir | Farm |
| 12:17 | Construir | Farm |
| 12:21 | Construir | Farm |
| 12:22 | Construir | Farm |
| 12:23 | Crear | Villager (Male) |
| 12:26 | Construir | House |
| 12:27 | Construir | Palisade Wall |
| 12:36 | Crear | Villager (Male) |
| 12:37 | Crear | Archer |
| 13:00 | Crear | Villager (Male) |
| 13:02 | Construir | Farm |
| 13:11 | Construir | Blacksmith |
| 13:14 | Crear | Villager (Male) |
| 13:52 | Crear | Villager (Male) |
| 13:53 | Crear | Archer |
| 14:00 | Crear | Villager (Male) |
| 14:01 | Crear | Archer |
| 14:07 | Investigar | Fletching |
| 14:07 | Investigar | Fletching |
| 14:08 | Crear | Villager (Male) |
| 14:16 | Crear | Villager (Male) |
| 14:18 | Construir | Farm |
| 14:20 | Construir | House |
| 14:21 | Construir | Palisade Wall |
| 14:23 | Construir | Market |
| 14:29 | Construir | House |
| 14:35 | Construir | House |
| 14:44 | Construir | House |
| 14:50 | Crear | Villager (Male) |
| 14:54 | Construir | Palisade Wall |
| 14:56 | Construir | Palisade Wall |
| 14:57 | Construir | Palisade Wall |
| 15:01 | Construir | Palisade Wall |
| 15:02 | Construir | Palisade Wall |
| 15:12 | Construir | Palisade Wall |
| 15:14 | Crear | Villager (Male) |
| 15:15 | Crear | Archer |
| 15:17 | Construir | Farm |
| 15:18 | Construir | Farm |
| 15:30 | Crear | Villager (Male) |
| 15:31 | Crear | Archer |
| 15:41 | Crear | Spearman |
| 15:44 | Crear | Villager (Male) |
| 15:51 | Construir | Farm |
| 16:11 | Crear | Villager (Male) |
| 16:21 | Construir | Lumber Camp |
| 16:25 | Construir | Lumber Camp |
| 16:57 | Construir | Market |
| 17:49 | Crear | Villager (Male) |
| 17:51 | Construir | Farm |
| 17:51 | Construir | Farm |
| 18:26 | Crear | Archer |
| 18:27 | Crear | Archer |
| 18:29 | Crear | Villager (Male) |
| 18:31 | Construir | Farm |
| 18:31 | Construir | Farm |
| 18:33 | Construir | Farm |
| 18:33 | Construir | Farm |
| 18:33 | Construir | Farm |
| 18:33 | Construir | Farm |
| 18:50 | Crear | Villager (Male) |
| 18:51 | Crear | Villager (Male) |
| 18:58 | Crear | Archer |
| 19:26 | Investigar | Castle Age |
| 19:26 | Investigar | Castle Age |
| 19:36 | Crear | Archer |
| 19:57 | Crear | Villager (Male) |
| 20:04 | Investigar | Horse Collar |
| 20:04 | Investigar | Horse Collar |
| 20:08 | Construir | House |
| 20:13 | Construir | Archery Range |
| 20:17 | Investigar | Gold Mining |
| 20:17 | Investigar | Gold Mining |
| 20:23 | Crear | Archer |
| 20:26 | Crear | Villager (Male) |
| 20:49 | Crear | Archer |
| 20:49 | Crear | Archer |
| 20:52 | Crear | Villager (Male) |
| 21:06 | Construir | House |
| 21:56 | Crear | Villager (Male) |
| 21:57 | Crear | Archer |
| 21:57 | Crear | Archer |
| 22:01 | Construir | House |
| 22:06 | Edad | Edad de los Castillos |
| 22:08 | Investigar | Crossbowman (upgrade) |
| 22:13 | Investigar | Bodkin Arrow |
| 22:13 | Investigar | Bodkin Arrow |
| 22:20 | Crear | Archer |
| 22:20 | Crear | Archer |
| 22:20 | Crear | Villager (Male) |
| 22:27 | Investigar | Bow Saw |
Build order — Froman
Primeras 150 de 453 acciones detectadas
| 0:00 | Crear | Villager (Male) |
| 0:01 | Crear | Villager (Male) |
| 0:02 | Construir | House |
| 0:03 | Construir | House |
| 0:04 | Crear | Villager (Male) |
| 0:10 | Crear | Villager (Male) |
| 1:14 | Crear | Villager (Male) |
| 1:14 | Crear | Villager (Male) |
| 1:51 | Crear | Villager (Male) |
| 1:51 | Crear | Villager (Male) |
| 1:54 | Construir | Lumber Camp |
| 2:25 | Crear | Villager (Male) |
| 2:51 | Crear | Villager (Male) |
| 2:54 | Crear | Villager (Male) |
| 3:25 | Crear | Villager (Male) |
| 3:39 | Crear | Villager (Male) |
| 3:50 | Construir | House |
| 3:51 | Construir | House |
| 3:54 | Crear | Villager (Male) |
| 4:06 | Crear | Villager (Male) |
| 4:32 | Crear | Villager (Male) |
| 4:44 | Crear | Villager (Male) |
| 4:53 | Crear | Villager (Male) |
| 5:02 | Construir | Mill |
| 5:09 | Crear | Villager (Male) |
| 5:22 | Investigar | Loom |
| 5:27 | Investigar | Loom |
| 5:33 | Crear | Villager (Male) |
| 5:33 | Investigar | Loom |
| 5:40 | Crear | Villager (Male) |
| 7:02 | Construir | Lumber Camp |
| 7:04 | Investigar | Feudal Age |
| 7:06 | Crear | Villager (Male) |
| 8:01 | Construir | House |
| 8:34 | Construir | Barracks |
| 8:57 | Construir | Mill |
| 9:00 | Construir | Palisade Wall |
| 9:01 | Construir | Palisade Wall |
| 9:03 | Construir | House |
| 9:04 | Construir | Palisade Wall |
| 9:05 | Construir | Palisade Wall |
| 9:16 | Edad | Edad Feudal |
| 9:21 | Construir | Stable |
| 9:22 | Investigar | Double-Bit Axe |
| 9:24 | Crear | Villager (Male) |
| 9:46 | Construir | Palisade Wall |
| 9:50 | Construir | Palisade Wall |
| 9:51 | Construir | Palisade Wall |
| 9:53 | Construir | Palisade Wall |
| 10:01 | Construir | Palisade Wall |
| 10:06 | Construir | Palisade Wall |
| 10:16 | Crear | Scout Cavalry |
| 10:16 | Crear | Scout Cavalry |
| 10:17 | Crear | Villager (Male) |
| 10:29 | Crear | Villager (Male) |
| 10:57 | Crear | Villager (Male) |
| 11:02 | Construir | Archery Range |
| 11:06 | Construir | Palisade Wall |
| 11:11 | Crear | Scout Cavalry |
| 11:29 | Crear | Villager (Male) |
| 12:03 | Crear | Villager (Male) |
| 12:04 | Crear | Villager (Male) |
| 12:08 | Construir | Mining Camp |
| 12:13 | Construir | House |
| 12:16 | Construir | House |
| 12:17 | Construir | House |
| 12:21 | Construir | Palisade Wall |
| 12:22 | Construir | Palisade Wall |
| 12:23 | Crear | Archer |
| 12:26 | Construir | Palisade Wall |
| 12:28 | Crear | Villager (Male) |
| 12:37 | Construir | Palisade Wall |
| 12:59 | Crear | Villager (Male) |
| 13:15 | Crear | Villager (Male) |
| 13:23 | Construir | Farm |
| 13:23 | Construir | Farm |
| 13:23 | Construir | Farm |
| 13:23 | Construir | Farm |
| 13:30 | Crear | Skirmisher |
| 13:37 | Construir | Farm |
| 13:43 | Crear | Archer |
| 13:48 | Construir | Farm |
| 13:56 | Crear | Archer |
| 13:59 | Construir | Farm |
| 14:03 | Crear | Villager (Male) |
| 14:15 | Construir | Farm |
| 14:28 | Crear | Villager (Male) |
| 14:32 | Construir | Farm |
| 14:52 | Crear | Villager (Male) |
| 14:53 | Crear | Archer |
| 14:53 | Crear | Archer |
| 15:07 | Crear | Villager (Male) |
| 15:10 | Construir | Blacksmith |
| 15:21 | Crear | Villager (Male) |
| 15:40 | Crear | Villager (Male) |
| 15:42 | Crear | Archer |
| 15:46 | Construir | Farm |
| 15:46 | Construir | Farm |
| 15:47 | Construir | Farm |
| 15:54 | Crear | Archer |
| 16:00 | Construir | Palisade Wall |
| 16:02 | Crear | Villager (Male) |
| 16:09 | Construir | Farm |
| 16:12 | Construir | Farm |
| 16:12 | Crear | Villager (Male) |
| 16:16 | Construir | Farm |
| 16:36 | Investigar | Fletching |
| 16:43 | Construir | Farm |
| 16:47 | Construir | Farm |
| 16:52 | Construir | Farm |
| 16:52 | Crear | Villager (Male) |
| 16:58 | Crear | Archer |
| 17:14 | Investigar | Padded Archer Armor |
| 17:18 | Construir | Farm |
| 17:24 | Crear | Archer |
| 17:25 | Crear | Villager (Male) |
| 17:39 | Crear | Archer |
| 17:54 | Construir | Market |
| 17:59 | Crear | Archer |
| 18:17 | Crear | Villager (Male) |
| 18:18 | Construir | Mill |
| 18:23 | Construir | Archery Range |
| 18:25 | Crear | Villager (Male) |
| 18:28 | Construir | Farm |
| 18:28 | Construir | Farm |
| 18:35 | Crear | Villager (Male) |
| 18:38 | Crear | Villager (Male) |
| 18:45 | Crear | Villager (Male) |
| 18:48 | Construir | Farm |
| 19:03 | Construir | House |
| 19:04 | Construir | House |
| 19:36 | Investigar | Castle Age |
| 19:37 | Crear | Archer |
| 19:44 | Construir | Archery Range |
| 20:04 | Crear | Villager (Male) |
| 20:09 | Crear | Archer |
| 20:19 | Construir | Stable |
| 20:27 | Investigar | Horse Collar |
| 20:30 | Crear | Archer |
| 20:30 | Crear | Archer |
| 20:46 | Construir | House |
| 20:47 | Construir | House |
| 20:53 | Crear | Archer |
| 20:54 | Crear | Villager (Male) |
| 20:55 | Investigar | Gold Mining |
| 20:59 | Crear | Villager (Male) |
| 21:08 | Crear | Scout Cavalry |
| 21:14 | Crear | Archer |
| 21:15 | Crear | Archer |
| 21:30 | Crear | Archer |
Cronología de la partida
| 5:27 | DS_VARVAGOD · first_building Barracks |
| 8:34 | Froman · first_building Barracks |
| 8:52 | DS_VARVAGOD · age_up feudal |
| 9:00 | Froman · wall_segment Palisade Wall x1 |
| 9:01 | Froman · wall_segment Palisade Wall x1 |
| 9:04 | Froman · wall_segment Palisade Wall x2 |
| 9:05 | Froman · wall_segment Palisade Wall x1 |
| 9:16 | Froman · age_up feudal |
| 9:21 | Froman · first_building Stable |
| 9:25 | DS_VARVAGOD · first_building Archery Range |
| 9:46 | Froman · wall_segment Palisade Wall x1 |
| 9:50 | Froman · wall_segment Palisade Wall x1 |
| 9:51 | Froman · wall_segment Palisade Wall x1 |
| 9:53 | Froman · wall_segment Palisade Wall x5 |
| 10:01 | Froman · wall_segment Palisade Wall x1 |
| 10:06 | Froman · wall_segment Palisade Wall x1 |
| 11:02 | Froman · first_building Archery Range |
| 11:06 | Froman · wall_segment Palisade Wall x4 |
| 12:21 | Froman · wall_segment Palisade Wall x1 |
| 12:22 | Froman · wall_segment Palisade Wall x1 |
| 12:26 | Froman · wall_segment Palisade Wall x3 |
| 12:27 | DS_VARVAGOD · wall_segment Palisade Wall x1 |
| 12:37 | Froman · wall_segment Palisade Wall x1 |
| 14:21 | DS_VARVAGOD · wall_segment Palisade Wall x3 |
| 14:54 | DS_VARVAGOD · wall_segment Palisade Wall x2 |
| 14:56 | DS_VARVAGOD · wall_segment Palisade Wall x1 |
| 14:57 | DS_VARVAGOD · wall_segment Palisade Wall x1 |
| 15:01 | DS_VARVAGOD · wall_segment Palisade Wall x1 |
| 15:02 | DS_VARVAGOD · wall_segment Palisade Wall x1 |
| 15:12 | DS_VARVAGOD · wall_segment Palisade Wall x3 |
| 16:00 | Froman · wall_segment Palisade Wall x2 |
| 19:10 | Froman · first_market_buy 100 food |
| 19:12 | DS_VARVAGOD · first_market_buy 100 food |
| 19:12 | Froman · first_market_sell 100 wood |
| 19:15 | DS_VARVAGOD · first_market_sell 100 wood |
| 22:06 | DS_VARVAGOD · age_up castle |
| 22:16 | Froman · age_up castle |
| 23:15 | DS_VARVAGOD · wall_segment Palisade Wall x1 |
| 23:16 | DS_VARVAGOD · wall_segment Palisade Wall x1 |
| 23:17 | DS_VARVAGOD · wall_segment Palisade Wall x1 |
| 23:18 | DS_VARVAGOD · wall_segment Palisade Wall x1 |
| 23:24 | DS_VARVAGOD · first_building Siege Workshop |
| 25:35 | DS_VARVAGOD · first_building Monastery |
| 29:01 | Froman · first_building Siege Workshop |
| 32:38 | Froman · first_building Castle |
| 34:44 | Froman · first_building Monastery |
| 36:01 | DS_VARVAGOD · first_building Castle |
| 37:50 | Froman · resign |
[ ANÁLISIS IA · 1 CRÉDITO ]
¿Qué pasó realmente en esta partida?
Wolo.gg analiza cada decisión: build order, eco, micro, errores típicos por bracket. Análisis personalizado por WhatsApp o Discord en 30 segundos.
Guía civ
Wu
Perfil
DS_Santi